 Dungeon Crawl Stone Soup version 0.28-a0-750-g7c675f85b1 (console) character file.

Game seed: 15486105188252410396

6 petzl the Vexing (level 1, 0/13 HPs)
             Began as an Octopode Arcane Marksman on Oct 29, 2021.
             Frozen to death by an endoplasm (5 damage)
             ... on level 1 of the Dungeon.
             The game lasted 00:01:37 (175 turns).

petzl the Vexing (Octopode Arcane Marksman)          Turns: 175, Time: 00:01:40

Health: 0/13       AC:  1    Str:  9    XL:     1   Next: 90%
Magic:  2/2        EV: 13    Int: 15    God:
Gold:   0          SH:  0    Dex: 12    Spells: 1/2 levels left

rFire   . . .      SeeInvis .   a - +0 hand crossbow
rCold   . . .      Faith    .   (no shield)
rNeg    . . .      Spirit   .   (helmet restricted)
rPois   .          Reflect  .   (no amulet)
rElec   .          Harm     .   (no ring)
rCorr   .          Rampage  .   (no ring)
Will    .....                   (no ring)
Stlth   ++........              (no ring)
HPRegen 0.04/turn               (no ring)
MPRegen 0.08/turn               (no ring)
                                (no ring)
                                (no ring)

@: no status effects
A: almost no armour, amphibious, 8 rings, camouflage 1, gelatinous body 1,
(nimble swimmer 1), tentacles
a: no special abilities


You were on level 1 of the Dungeon.
You visited 1 branch of the dungeon, and saw 1 of its levels.

Inventory:

Hand Weapons
 a - a +0 hand crossbow (weapon)
 d - a +0 spear {!f =f}
 e - a +0 dagger {!f =f}
Missiles
 b - 6 javelins
 c - 14 bolts (quivered ammo)
Scrolls
 f - a scroll of magic mapping {unknown}


   Skills:
 + Level 1.1 Fighting
 + Level 2.0 Crossbows
 + Level 2.1 Dodging
 + Level 0.6 Stealth
 + Level 1.1 Spellcasting
 + Level 3.0 Hexes


You had one spell level left.
You knew the following spells:

 Your Spells              Type           Power      Damage    Failure   Level
a - Slow                  Hex            40%        N/A       7%          1

Your spell library contained the following spells:

 Spells                   Type           Power      Damage    Failure   Level
 Sublimation of Blood     Necr           0%         N/A       36%         2
 Wereblood                Tmut           0%         N/A       36%         2
 Inner Flame              Hex/Fire       5%         N/A       36%         3
 Portal Projectile        Hex/Tloc       10%        N/A       36%         3
 Cause Fear               Hex            5%         N/A       56%         4
 Summon Hydra             Summ           0%         N/A       100%        7


Dungeon Overview and Level Annotations

Branches:
Dungeon (1/15)

Altars:


Innate Abilities, Weirdness & Mutations

You cannot wear most types of armour.
You are amphibious.
You can wear up to eight rings at the same time.
Your skin changes colour to match your surroundings (Stealth+).
Your rubbery body absorbs attacks. (AC +1, EV +1)
((You are camouflaged near water. (Stealth+)))
You have tentacles for arms and can constrict up to eight enemies at once.


Message History

Press: ? - help, Q - select action, (/) - cycle Shift-Dir - straight line, f - goblin
Aim: a goblin, wielding a +0 club (asleep, 98% to hit)
You shoot a bolt. The bolt hits the goblin!
You kill the goblin!
An endoplasm comes into view.
Found 21 arrows.
Things that are here:
a bolt; a +0 club; a goblin corpse You see here a scroll labelled QIR HAIHAMP.
f - a scroll labelled QIR HAIHAMP Unknown command.
Fire: 18 bolts
Press: ? - help, Q - select action, (/) - cycle Shift-Dir - straight line, f - endoplasm
Aim: an endoplasm (asleep, 98% to hit)
You shoot a bolt.
The bolt hits the endoplasm but does no damage.
The endoplasm quivers.
Fire: 17 bolts
Press: ? - help, Q - select action, (/) - cycle Shift-Dir - straight line, f/p - endoplasm
Aim: an endoplasm (86% to hit)
You shoot a bolt. The bolt hits the endoplasm.
The endoplasm is heavily wounded.
Fire: 16 bolts
Press: ? - help, Q - select action, (/) - cycle Shift-Dir - straight line, f/p - endoplasm
Aim: an endoplasm (heavily wounded, 86% to hit)
You shoot a bolt. The bolt hits the endoplasm.
The endoplasm is severely wounded.
The endoplasm freezes you.
You are frozen.
The endoplasm freezes you.
You are frozen.
Things that are here:
a bolt; a +0 club; a goblin corpse Fire: 15 bolts
Press: ? - help, Q - select action, (/) - cycle Shift-Dir - straight line, f/p - endoplasm
Aim: an endoplasm (severely wounded, 86% to hit)
You shoot a bolt. The bolt barely misses the endoplasm.
The endoplasm freezes you.
You are frozen.
You die...

############
...........#
#.#######..# ..#
#..# ### #..#
#..#########
#..>.......####
#####
#.#####.......#
....# #.#
#.##.##.# ##...#
#.#
#.##.##@####### ..
.. ........J.((..(
#.
##.##.##.####### .
.. ......... #. ##
#......... ..
########### #. #
.# .# ######## #
####......#### #
##.......(....##
###....####......#


You could see an endoplasm.

Vanquished Creatures
  2 endoplasms (D:1)
  A goblin (D:1)
  A hobgoblin (D:1)
  A kobold (D:1)
5 creatures vanquished.

Notes
Turn   | Place    | Note
-------+----------+-------------------------------------------
     0 | D:1      | petzl the Octopode Arcane Marksman began the quest for the
                  | Orb.
     0 | D:1      | Reached XP level 1. HP: 13/13 MP: 2/2
   175 | D:1      | Frozen to death by an endoplasm

Illustrated notes

Levels and vault maps discovered:
D:1:      dpeg_arrival_snail, layout_loops_ring

Action                   || total
-------------------------++-------
 Fire: Hand crossbow     ||    12

Table legend: (Time is in decaauts)
 A = Elapsed time spent in this place.
 B = Non-inter-level travel time spent in this place.
 C = Inter-level travel time spent in this place.
 D = Time resting spent in this place.
 E = Time spent auto-exploring this place.
 F = Levels seen in this place.
 G = Mean time per level.
                   A        B        C        D        E       F      G
               +--------+--------+--------+--------+--------+-----+--------+
         Total |    179 |    179 |      0 |      0 |    103 |   1 |  179.0 |
       Dungeon |    179 |    179 |      0 |      0 |    103 |   1 |  179.0 |
               +--------+--------+--------+--------+--------+-----+--------+

Top non-repeatable levels by time:
     D:1: 179 daAuts
